 Dungeon Crawl Stone Soup version 0.29.1-14-g9c671dbff4 (console) character file.

Game seed: 15831191492988241269

1546 om the Magician (level 9, -2/55 HPs)
             Began as a Djinni Fire Elementalist on Feb 14, 2023.
             Slain by a komodo dragon (26 damage)
             ... on level 7 of the Dungeon.
             The game lasted 00:15:56 (7513 turns).

om the Magician (Djinni Fire Elementalist)          Turns: 7513, Time: 00:15:57

Health: -2/55      AC:  9    Str: 11    XL:     9   Next: 11%
Gold:   104        EV: 14    Int: 18    God:
                   SH:  0    Dex: 17

rFire   + + .      SeeInvis .   r - +1 dagger (venom)
rCold   x . .      Faith    .   (no shield)
rNeg    . . .      Spirit   .   g - +2 robe of the Turtledove {Str+4}
rPois   ∞          Reflect  .   o - +0 helmet
rElec   .          Harm     .   (no cloak)
rCorr   .          Rampage  .   (no gloves)
Will    .....                   (boots unavailable)
Stlth   ++........              (no amulet)
HPRegen 0.18/turn               A - +4 ring of protection
MPRegen 0.00/turn               (no ring)

@: flying
A: sickness immunity, fire resistance 2, cold vulnerability 1, float, innate
caster, HP casting, extra vitality 1
a: no special abilities


You were on level 7 of the Dungeon.
You visited 1 branch of the dungeon, and saw 7 of its levels.

You collected 326 gold pieces.
You spent 222 gold pieces at shops.

Inventory:

Hand Weapons
 k - a +2 dagger of draining
 r - a +1 dagger of venom (weapon)
Armour
 a - a +0 robe
 g - the +2 robe of the Turtledove (worn) {Str+4}
   (You found it on level 7 of the Dungeon)

   Str:       It affects your strength (+4).
 o - a +0 helmet (worn)
 t - a +2 scale mail of willpower
Jewellery
 A - a +4 ring of protection (left hand)
Scrolls
 b - a scroll of fog {unknown}
 c - 3 scrolls of torment
 d - 4 scrolls of teleportation
 f - 2 scrolls of magic mapping
 l - a scroll of noise {unknown}
 q - a scroll of poison
 u - a scroll of enchant armour {unknown}
 x - a scroll of blinking
 y - a scroll of fear
 B - a scroll of vulnerability {unknown}
Potions
 e - 3 potions of brilliance
 h - 4 potions of haste
 i - 2 potions of invisibility
 j - a potion of lignification {unknown}
 m - 2 potions of cancellation
 n - 2 potions of curing
 p - a potion of mutation {unknown}
 s - 3 potions of heal wounds
 v - a potion of flight
 w - 2 potions of ambrosia {unknown}
 z - 2 potions of might


   Skills:
 - Level 5.0 Armour
 - Level 4.0 Dodging
 - Level 3.0 Stealth
 * Level 6.9 Spellcasting


You couldn't memorise any spells.
You knew the following spells:

 Your Spells              Type           Power      Damage    Failure   Level
a - Foxfire               Conj/Fire      100%       2x1d9     1%          1
b - Scorch                Fire           62%        2d8       1%          2
c - Conjure Flame         Conj/Fire      31%        6-21      1%          3
d - Inner Flame           Hex/Fire       31%        N/A       1%          3
e - Flame Wave            Conj/Fire      31%        2d9       6%          4
f - Necrotise             Necr           100%       1d9       1%          1
g - Blink                 Tloc           62%        N/A       1%          2
h - Tukima's Dance        Hex            31%        N/A       1%          3
i - Spider Form           Tmut/Pois      31%        N/A       1%          3
Your spell library was empty.

Dungeon Overview and Level Annotations

Branches:
Dungeon (7/15)             Temple (0/1) D:5

Altars:
Yredelemnul

Shops:
D:6 ((?!


Innate Abilities, Weirdness & Mutations

You are immune to sickness and miasma.
You are immune to poison.
Your flesh is very heat resistant. (rF++)
You are vulnerable to cold. (rC-)
You float through the air rather than walking.
You learn spells naturally, not from books.
Your magical power is your life essence.
You have superior vitality. (+4 MHP)


Message History

You kill the ufetubus!
You start resting.
A komodo dragon comes into view.
Casting: Scorch (safe; 1% risk of failure)
Confirm with . or Enter, or press ? or * to list all spells.
Flames lash the komodo dragon.
The komodo dragon is lightly wounded.
The komodo dragon's fire resistance burns away.
You hear a shout!
Casting: Scorch (safe; 1% risk of failure)
Confirm with . or Enter, or press ? or * to list all spells.
Flames lash the komodo dragon.
The komodo dragon is burned terribly!
The komodo dragon is lightly wounded.
The komodo dragon closely misses you.
Casting: Scorch (safe; 1% risk of failure)
Confirm with . or Enter, or press ? or * to list all spells.
Flames lash the komodo dragon.
The komodo dragon is moderately wounded.
The komodo dragon completely misses you.
Casting: Scorch (safe; 1% risk of failure)
Confirm with . or Enter, or press ? or * to list all spells.
Flames lash the komodo dragon.
The komodo dragon is burned terribly!
The komodo dragon is moderately wounded.
The komodo dragon bites you!
* * * LOW HITPOINT WARNING * * *
Casting: Scorch (safe; 1% risk of failure)
Confirm with . or Enter, or press ? or * to list all spells.
Flames lash the komodo dragon.
The komodo dragon is burned terribly!
The komodo dragon is heavily wounded.
* * * LOW HITPOINT WARNING * * *
The komodo dragon closely misses you.
You feel much better. The komodo dragon bites you!!
* * * LOW HITPOINT WARNING * * *
You feel much better. The komodo dragon misses you.
Casting: Scorch (safe; 1% risk of failure)
Confirm with . or Enter, or press ? or * to list all spells.
Flames lash the komodo dragon.
The komodo dragon is burned terribly!
The komodo dragon is severely wounded.
The komodo dragon bites you!!
You die...

.. .# ..## .#.
##. .. ....##.
#......##
#......@#
#.......l...#
##.............
#..............
#..............
...............
#..............
#.#....#$......


You could see a komodo dragon (combustible).

Vanquished Creatures
  Edmund (D:4)
  2 ice beasts (D:7)
  2 ogres
  3 centaurs
  A bullfrog (D:6)
  Blork the orc (D:4)
  A necrophage (D:5)
  3 scorpions
  A howler monkey (D:6)
  A hound (D:4)
  A jelly (D:6)
  An orc priest (D:3)
  4 iguanas
  3 orc wizards
  A gnoll (D:1)
  3 adders (D:4)
  A shadow imp (D:5)
  2 white imps (D:6)
  An ufetubus (D:7)
  8 worms
  2 dart slugs
  13 orcs
  3 ball pythons
  3 bats
  2 endoplasms (D:1)
  4 giant cockroaches
  8 goblins
  6 hobgoblins
  6 kobolds
  2 quokkas
  4 frilled lizards
  4 rats
  A spectral orc (D:6)
99 creatures vanquished.

Vanquished Creatures (collateral kills)
  An orc (D:7)
1 creature vanquished.

Vanquished Creatures (others)
  2 dancing weapons (D:7)
  179 foxfires
181 creatures vanquished.

Grand Total: 281 creatures vanquished

Notes
Turn   | Place    | Note
-------+----------+-------------------------------------------
     0 | D:1      | om the Djinni Fire Elementalist began the quest for the
                  | Orb.
     0 | D:1      | om set off with the following spells memorised: Foxfire,
                  | Scorch, Conjure Flame, Inner Flame, Flame Wave.
     0 | D:1      | Reached XP level 1. HP: 15/15 MP: 0/0
   188 | D:1      | Reached XP level 2. HP: 18/21 MP: 0/0
   801 | D:1      | You are sucked into a shaft and drop 1 floor!
  1154 | D:1      | Reached XP level 3. HP: 23/25 MP: 0/0
  1154 | D:1      | Learned a level 1 spell: Necrotise
  1177 | D:1      | Found a faded altar of an unknown god.
  2252 | D:1      | Reached XP level 4. HP: 17/31 MP: 0/0
  2650 | D:2      | Reached skill level 3 in Spellcasting
  2837 | D:3      | Noticed a scorpion
  2860 | D:3      | Killed a scorpion
  2861 | D:3      | Reached XP level 5. HP: 21/35 MP: 0/0
  2861 | D:3      | Learned a level 2 spell: Blink
  3627 | D:4      | Reached XP level 6. HP: 30/40 MP: 0/0
  3876 | D:4      | Reached skill level 4 in Spellcasting
  3981 | D:4      | Noticed Blork the orc
  3987 | D:4      | Killed Blork the orc
  4127 | D:4      | Noticed Edmund
  4138 | D:4      | Killed Edmund
  4139 | D:4      | Reached skill level 5 in Spellcasting
  4139 | D:4      | Reached XP level 7. HP: 28/45 MP: 0/0
  4139 | D:4      | Learned a level 3 spell: Tukima's Dance
  4735 | D:5      | Entered Level 5 of the Dungeon
  4774 | D:5      | Reached skill level 1 in Armour
  5315 | D:5      | Reached XP level 8. HP: 45/50 MP: 0/0
  5436 | D:5      | Found a staircase to the Ecumenical Temple.
  5983 | D:6      | Found Ynoqaul's Magic Scroll Shoppe.
  5991 | D:6      | Bought a scroll of identify for 22 gold pieces
  5991 | D:6      | Bought a scroll of identify for 22 gold pieces
  5991 | D:6      | Bought a scroll of identify for 22 gold pieces
  6021 | D:6      | Reached skill level 6 in Spellcasting
  6115 | D:6      | Found Ulokhowk's Distillery.
  6125 | D:6      | Bought a potion of heal wounds for 65 gold pieces
  6125 | D:6      | Bought a potion of curing for 39 gold pieces
  6125 | D:6      | Bought a potion of might for 52 gold pieces
  6445 | D:6      | Found Vauzeq's Weapon Shop.
  6881 | D:6      | Found Qaxtas's Weapon Emporium.
  7082 | D:6      | Found a basalt altar of Yredelemnul.
  7252 | D:7      | Identified the +2 robe of the Turtledove {Str+4}
  7273 | D:7      | Reached skill level 5 in Armour
  7434 | D:7      | Reached XP level 9. HP: 44/55 MP: 0/0
  7434 | D:7      | Learned a level 3 spell: Spider Form
  7505 | D:7      | Noticed a komodo dragon
  7513 | D:7      | Slain by a komodo dragon

Illustrated notes

Levels and vault maps discovered:
D:1:      dpeg_arrival_prison, layout_basic,
          hellmonk_ecumenical_altar_prayer_group
D:2:      layout_basic
D:3:      layout_basic
D:4:      layout_loops_ring, nicolae_wormholes, uniq_edmund, uniq_blork_the_orc
D:5:      layout_gridville, minmay_temple_entry_poolview, minmay_strange_pillars
D:6:      layout_gridville, yredelemnul_forgotten_temple_becter, serial_glass,
          glass_columns_b, glass_columns_b, serial_shops,
          nicolae_shop_bloodbath_and_beyond, nicolae_shop_window_shopping,
          nicolae_shop_stone, nicolae_lakefront_shop, dreamdust_princess_bridge,
          columned_hall_lemuel
D:7:      layout_cave_pools, elyvilon_altar_4, amcnicky_altar_gilded,
          hangedman_decor_opposing

Skill      XL: |  1  2  3  4  5  6  7  8 |
---------------+-------------------------+-----
Dodging        | 3 4 |  4.0
Stealth        | 2 3 |  3.0
Spellcasting   | 3 5 6 |  6.9
Armour         | 2 5 |  5.0

Action                   |  1- 3 |  4- 6 |  7- 9 || total
-------------------------+-------+-------+-------++-------
Melee: Unarmed           |     1 |       |       ||     1
       Falchion          |    40 |    13 |       ||    53
       Dagger            |       |    27 |     7 ||    34
 Cast: Foxfire           |    42 |    23 |    40 ||   105
       Scorch            |     5 |    18 |    56 ||    79
       Conjure Flame     |     2 |     2 |     3 ||     7
       Flame Wave        |       |     1 |     1 ||     2
       Tukima's Dance    |       |       |    11 ||    11
       Necrotise         |       |       |     1 ||     1
  Use: Scroll            |     3 |     2 |     8 ||    13
       Potion            |     1 |       |     2 ||     3
 Stab: Sleeping          |     4 |     6 |     1 ||    11
Armor: Robe              |    16 |    10 |    11 ||    37
       Skin              |       |       |     1 ||     1
Dodge: Dodged            |    40 |    34 |    36 ||   110
